 Dungeon Crawl Stone Soup version 0.31-a0-841-g038b102fc3 (webtiles) character file.

Game seed: 17117648870660580077

53 randomguy2701 the Cutter (level 3, 0/31 HPs)
             Began as a Gnoll Wanderer on Sept 27, 2023.
             Slain by an orc
             ... wielding a +0 trident
              (6 damage)
             ... on level 3 of the Dungeon.
             The game lasted 00:01:24 (1527 turns).

randomguy2701 the Cutter (Gnoll Wanderer)           Turns: 1527, Time: 00:01:24

Health: 0/31       AC:  3    Str: 10    XL:     3   Next: 89%
Magic:  7/7        EV: 11    Int: 13    God:
Gold:   96         SH:  0    Dex: 12    Spells: 6/7 levels left

rFire   . . .        a - +2 short sword
rCold   . . .        (no shield)
rNeg    . . .        d - +0 robe
rPois   .            (no helmet)
rElec   .            (no cloak)
rCorr   .            (no gloves)
SInv    .            b - +0 pair of boots
Will    .....        (no amulet)
Stlth   ++           (no ring)
HPRegen 0.25/turn    (no ring)
MPRegen 0.10/turn

%: no passive effects
@: no status effects
A: fangs 1, strong nose, distributed training
a: no special abilities


You were on level 3 of the Dungeon.
You visited 1 branch of the dungeon, and saw 3 of its levels.

You collected 96 gold pieces.

Inventory:

Hand Weapons
 a - a +2 short sword (weapon)
Missiles
 i - a throwing net
Armour
 b - a +0 pair of boots (worn)
 d - a +0 robe (worn)
Jewellery
 g - a ring of protection from cold
Scrolls
 c - a scroll of fear
 f - 3 scrolls of blinking {unknown}
 h - a scroll of teleportation {unknown}
 j - 2 scrolls of identify {unknown}
Potions
 e - 2 potions of heal wounds {unknown}
 k - 2 potions of curing {unknown}
 l - a potion of berserk rage {unknown}
 m - a potion of ambrosia {unknown}


   Skills:
 + Level 4.6 Fighting
 + Level 6.5 Short Blades
 + Level 1.0 Long Blades
 + Level 1.0 Axes
 + Level 1.0 Maces & Flails
 + Level 1.0 Polearms
 + Level 1.0 Staves
 + Level 1.0 Ranged Weapons
 + Level 2.7 Throwing
 + Level 1.0 Armour
 + Level 1.0 Dodging
 + Level 4.2 Stealth
 + Level 1.0 Shields
 + Level 1.0 Unarmed Combat
 + Level 2.9 Spellcasting
 + Level 0.7 Conjurations
 + Level 0.7 Hexes
 + Level 0.7 Summonings
 + Level 0.7 Necromancy
 + Level 0.7 Translocations
 + Level 0.7 Transmutations
 + Level 0.7 Fire Magic
 + Level 2.2 Ice Magic
 + Level 0.7 Air Magic
 + Level 0.7 Earth Magic
 + Level 0.7 Poison Magic
 + Level 1.1 Invocations
 + Level 1.0 Evocations
 + Level 0.9 Shapeshifting


You had 6 spell levels left.
You knew the following spells:

 Your Spells              Type           Power      Damage    Failure   Level
a - Freeze                Ice            28%        1d5       10%         1

Your spell library contained the following spells:

 Spells                   Type           Power      Damage    Failure   Level
 Apportation              Tloc           6%         N/A       17%         1
 Necrotise                Necr           12%        1d4       17%         1
 Summon Small Mammal      Summ           12%        N/A       17%         1
 Poisonous Vapours        Pois/Air       6%         N/A       26%         2
 Ozocubu's Armour         Ice            7%         N/A       28%         3
 Mephitic Cloud           Conj/Pois/Air  3%         N/A       45%         3
 Freezing Cloud           Conj/Ice/Air   2%         6-21      98%         5


Dungeon Overview and Level Annotations

Branches:
Dungeon (3/15)

Altars:


Innate Abilities, Weirdness & Mutations

You have very sharp teeth.
Your uncanny sense of smell can sniff out nearby items.
Your experience applies equally to all skills.


Message History

The orc hits you with a +0 trident. The orc closely misses you.
You hit the orc.
The orc is severely wounded.
The orc closely misses you.
The orc hits you from afar with a +0 trident.
The orc closely misses you. The orc barely misses you.
You hit the orc.
You kill the orc!
You barely miss the orc.
A bat comes into view.
The orc hits you with a +0 dagger. The orc closely misses you.
The orc misses you.
You hit the orc.
The orc is heavily wounded.
The orc misses you. The orc hits you with a +0 flail.
The orc barely misses you.
There are monsters nearby!
There are monsters nearby!
Unknown command.
You hit the orc but do no damage. You bite the orc, but do no damage.
The orc is heavily wounded.
You hit the orc but do no damage.
The orc is heavily wounded.
The orc hits you with a +0 dagger. The orc closely misses you.
The orc misses you.
You hit the orc but do no damage.
The orc is heavily wounded.
The bat hits you but does no damage. The orc hits you but does no damage.
The orc hits you with a +0 flail!
* * * LOW HITPOINT WARNING * * *
The orc misses you.
You barely miss the orc.
The orc is heavily wounded.
The bat hits you but does no damage.
You hit the orc but do no damage.
The orc is heavily wounded.
The bat closely misses you. The orc barely misses you.
The orc hits you but does no damage.
The orc hits you from afar with a +0 trident.
You die...

#########
........##
.........##
..........#
.[........# ## #..
.....b....#
.......
......)o..#..##...
......o@....# ..#
.....o...#####.#
.........# ##..#
....####.###..#
... #.....## .#
###....#
##.#.#####.. ∆
#.#<.......
.>#######..


You could see 3 orcs and a bat.

Vanquished Creatures
  A dart slug (D:1)
  An orc (D:3)
  7 ball pythons
  2 bats (D:1)
  3 endoplasms
  A giant cockroach (D:1)
  4 goblins
  9 hobgoblins
  3 jackals (D:2)
  4 kobolds
  A quokka (D:1)
  2 frilled lizards (D:1)
  7 rats
45 creatures vanquished.

Notes
Turn   | Place    | Note
-------+----------+-------------------------------------------
     0 | D:1      | randomguy2701 the Gnoll Wanderer began the quest for the
                  | Orb.
     0 | D:1      | randomguy2701 set off with the following items: a +2 short
                  | sword, a +0 pair of boots, a scroll of fear, a +0 robe; and
                  | the following spell memorised: Freeze; and the following
                  | spells available to memorise: Ozocubu's Armour.
     0 | D:1      | Reached XP level 1. HP: 20/20 MP: 4/4
   111 | D:1      | Reached XP level 2. HP: 22/26 MP: 5/5
   456 | D:1      | Reached XP level 3. HP: 31/31 MP: 7/7
   788 | D:2      | Reached skill level 1 in Invocations
  1163 | D:2      | Reached skill level 1 in Long Blades
  1163 | D:2      | Reached skill level 1 in Axes
  1163 | D:2      | Reached skill level 1 in Maces & Flails
  1163 | D:2      | Reached skill level 1 in Polearms
  1163 | D:2      | Reached skill level 1 in Staves
  1163 | D:2      | Reached skill level 1 in Ranged Weapons
  1163 | D:2      | Reached skill level 1 in Armour
  1163 | D:2      | Reached skill level 1 in Dodging
  1163 | D:2      | Reached skill level 1 in Shields
  1163 | D:2      | Reached skill level 1 in Unarmed Combat
  1163 | D:2      | Reached skill level 1 in Evocations
  1527 | D:3      | Slain by an orc

Illustrated notes

Levels and vault maps discovered:
D:1:      dpeg_arrival_round_a, layout_basic, serial_bayou_crossing
D:2:      layout_basic, minmay_increasing_density
D:3:      layout_rooms, lemuel_doored_altar, serial_shops, shop, uniq_ijyb

Skill      XL: |  1  2  3 |
---------------+----------+-----
Ice Magic      | 2 |  2.2
Invocations    | 1 |  1.1
Long Blades    | 1 |  1.0
Axes           | 1 |  1.0
Maces & Flails | 1 |  1.0
Polearms       | 1 |  1.0
Staves         | 1 |  1.0
Ranged Weapons | 1 |  1.0
Armour         | 1 |  1.0
Dodging        | 1 |  1.0
Shields        | 1 |  1.0
Unarmed Combat | 1 |  1.0
Evocations     | 1 |  1.0
Fighting       | |  4.6
Short Blades   | |  6.5
Throwing       | |  2.7
Stealth        | |  4.2
Spellcasting   | |  2.9
Conjurations   | |  0.7
Hexes          | |  0.7
Summonings     | |  0.7
Necromancy     | |  0.7
Translocations | |  0.7
Transmutations | |  0.7
Fire Magic     | |  0.7
Air Magic      | |  0.7
Earth Magic    | |  0.7
Poison Magic   | |  0.7
Shapeshifting  | |  0.9

Action                     || total
---------------------------++-------
  Melee: Short sword       ||   128
         Bite              ||     7
   Stab: Sleeping          ||    11
 Armour: Robe              ||    54
  Dodge: Dodged            ||    63

Table legend: (Time is in decaauts)
 A = Elapsed time spent in this place.
 B = Non-inter-level travel time spent in this place.
 C = Inter-level travel time spent in this place.
 D = Time resting spent in this place.
 E = Time spent auto-exploring this place.
 F = Levels seen in this place.
 G = Mean time per level.
                   A        B        C        D        E       F      G
               +--------+--------+--------+--------+--------+-----+--------+
         Total |   1497 |   1477 |     20 |      0 |   1218 |   3 |  499.0 |
       Dungeon |   1497 |   1477 |     20 |      0 |   1218 |   3 |  499.0 |
               +--------+--------+--------+--------+--------+-----+--------+

Top non-repeatable levels by time:
     D:1: 770 daAuts
     D:2: 711 daAuts
     D:3: 16 daAuts
